 Dungeon Crawl Stone Soup version 0.29.0-4-gdea44cf6ec (webtiles) character file.

Game seed: 5737365089296770708

414 qw the Chopper (level 6, -3/38 HPs)
             Began as a Gargoyle Fighter on Sept 8, 2022.
             Killed by divine providence
             ... invoked by an orc priest
              (13 damage)
             ... on level 5 of the Dungeon.
             The game lasted 00:01:43 (3625 turns).

qw the Chopper (Gargoyle Fighter)                   Turns: 3625, Time: 00:01:44

Health: -3/38      AC: 15    Str: 25 (27) XL:     6   Next: 91%
Magic:  6/6        EV:  7    Int:  8 (9)  God:
Gold:   1496       SH:  4    Dex:  7 (9)  Spells: 5/5 levels left

rFire   . . .      SeeInvis .   Y - +3 war axe (elec)
rCold   + . .      Faith    .   c - +0 buckler
rNeg    + . .      Spirit   .   a - +0 chain mail
rPois   inf        Reflect  .   (no helmet)
rElec   +          Harm     .   j - +0 cloak
rCorr   .          Rampage  .   g - +0 pair of gloves
Will    .....                   (no boots)
Stlth   ..........              (no amulet)
HPRegen 0.12/turn               e - ring of protection from cold
MPRegen 0.10/turn               f - +6 ring of strength

@: no status effects
A: sickness immunity, AC +4, negative energy resistance 1, electricity
resistance, torment resistance 1, petrification resistance
a: no special abilities


You were on level 5 of the Dungeon.
You visited 1 branch of the dungeon, and saw 5 of its levels.

You collected 1496 gold pieces.


Innate Abilities, Weirdness & Mutations

You are immune to sickness and miasma.
Your stone body is resilient. (AC +4)
You are immune to poison.
You resist negative energy. (rN+)
You are resistant to electric shocks. (rElec)
You are resistant to unholy torment.
You are immune to petrification.


   Skills:
 - Level 4.1 Fighting
 + Level 6.2 Axes
 - Level 3.2 Armour
 - Level 3.2 Shields


You had 5 spell levels left.
You didn't know any spells.
Your spell library was empty.

Inventory:

Hand Weapons
 i - the +4 flail "Lon Poh" {vamp, Contam rPois MP+9}
   (You found it on level 2 of the Dungeon)

   It occasionally heals its wielder for a portion of the damage dealt when it
   wounds a living foe.
   rPois:     It protects you from poison.
   MP:        It affects your magic capacity (+9).
   Contam:    It causes magical contamination when unequipped.
 Y - a +3 war axe of electrocution (weapon)
Armour
 a - a +0 chain mail (worn)
 c - a +0 buckler (worn)
 g - a +0 pair of gloves (worn)
 j - a +0 cloak (worn)
Jewellery
 e - a ring of protection from cold (left hand)
 f - a +6 ring of strength (right hand)
Scrolls
 l - a scroll of identify
Potions
 b - a potion of attraction
 d - 3 potions of might
 k - 2 potions of heal wounds
 m - a potion of haste
 n - a potion of curing
 o - a potion of lignification
 q - a potion of cancellation

Dungeon Overview and Level Annotations

Branches:
Dungeon (5/15)
 Temple: D:4-7

Altars:
Hepliaklqana


Message History

There is a stone staircase leading up here.
There are monsters nearby!
Existing waypoints: (1) D:4 (2) D:3 Assign waypoint to what number? (0-9, D - delete waypoint) Waypoint 2 re-assigned from D:3 to D:5.
Enter note:
3618 ||| Stepping ~*~*~tactically~*~*~ (hiding).
You closely miss the water moccasin.
The water moccasin bites you but does no damage. x2
You hit the water moccasin.
The water moccasin is lightly wounded.
The water moccasin bites you but does no damage.
You barely miss the water moccasin.
The water moccasin is lightly wounded.
You hit the orc wizard.
Lightning courses through the orc wizard!
The water moccasin barely misses you.
The orc wizard hits you but does no damage.
A yak comes into view.
An orc priest comes into view. It is wielding a +0 dagger.
You block the water moccasin's attack.
The orc priest shouts!
You slash the orc wizard!
You kill the orc wizard!
You closely miss the water moccasin.
You hear a shout!
The water moccasin bites you but does no damage.
The orc priest calls down the wrath of Beogh upon you.
Beogh smites you!
The orc priest calls down the wrath of Beogh upon you.
Beogh smites you! The water moccasin bites you. The necrophage hits you.
You hear a shout!
You slash the water moccasin!
The water moccasin is severely wounded.
You slash the necrophage! You block the water moccasin's attack.
The necrophage barely misses you.
The orc priest invokes the aid of Beogh against you.
Beogh smites you!
You die...

.# #.........#
..###...#.#...#
#.......Y......
#.............
#............#
#............#
#.....S....#
#.....@...#
##...[n)###
#........o...#
#......#..#.o#
#..........# #
.......#.#.#
....... ...#
....... ...#
....... ...


You could see a yak, a water moccasin, a necrophage and an orc priest.

Vanquished Creatures
  Duvessa (D:4)
  Dowan (D:4)
  A hound (D:4)
  An iguana (D:4)
  2 orc wizards
  5 gnolls
  3 adders
  3 worms (D:2)
  A dart slug (D:3)
  9 orcs
  9 ball pythons
  4 endoplasms
  2 giant cockroaches
  5 goblins
  5 hobgoblins
  3 kobolds
  6 bats
  15 frilled lizards
  5 rats
81 creatures vanquished.

Vanquished Creatures (others)
  4 plants (D:3)
4 creatures vanquished.

Grand Total: 85 creatures vanquished

Notes
Turn   | Place    | Note
-------+----------+-------------------------------------------
     0 | D:1      | qw the Gargoyle Fighter began the quest for the Orb.
     0 | D:1      | Reached XP level 1. HP: 14/14 MP: 1/1
     0 | D:1      | 0 ||| qw: Version: 0.1-a-112-g44dc6cd
     0 | D:1      | 0 ||| qw: Game counter: 6786
     0 | D:1      | 0 ||| qw: Always use a shield: true
     0 | D:1      | 0 ||| qw: God list: Okawaru
     0 | D:1      | 0 ||| qw: Allow faded altars: false
     0 | D:1      | 0 ||| qw: Do Orc after D:15 true
     0 | D:1      | 0 ||| qw: Do second Lair branch before Depths: true
     0 | D:1      | 0 ||| qw: Lair rune preference: random
     0 | D:1      | 0 ||| qw: Plans: Normal, Zot, God:TSO, Crypt, Tomb, Zig,
                  | Orb
     0 | D:1      | 0 ||| PLANNING D:1-11
    42 | D:1      | Reached skill level 2 in Axes
   109 | D:1      | Reached XP level 2. HP: 10/19 MP: 2/2
   326 | D:1      | 326 ||| Stepping ~*~*~tactically~*~*~ (stealth).
   508 | D:1      | Found a faded altar of an unknown god.
   624 | D:1      | Reached skill level 3 in Axes
   781 | D:1      | 781 ||| UPGRADING to +0 cloak.
   786 | D:1      | 786 ||| READING scroll labelled YSKUPN VATZO.
   787 | D:1      | 787 ||| READING scroll labelled LYGHIRAGAN.
   836 | D:1      | 836 ||| READING scroll labelled LUENAI ZOUNID.
   841 | D:1      | 841 ||| READING scroll labelled XOF KICEJUI.
   842 | D:1      | 842 ||| READING 2 scrolls labelled COIKIBLORAX.
   843 | D:1      | 843 ||| READING 3 scrolls labelled KARGHE VIAC.
   844 | D:1      | 844 ||| READING scroll labelled WOCOARI YLESY.
   845 | D:1      | 845 ||| READING scroll labelled ZIAHOC YHE.
   846 | D:1      | 846 ||| DRINKING 2 golden potions.
   847 | D:1      | 847 ||| DROPPING 2 scrolls of amnesia.
   875 | D:2      | Reached XP level 3. HP: 23/23 MP: 3/3
  1032 | D:2      | Reached XP level 4. HP: 9/28 MP: 4/4
  1234 | D:2      | 1234 ||| DROPPING +0 whip.
  1452 | D:2      | Identified the +4 flail "Lon Poh" {vamp, Contam rPois MP+9}
  1454 | D:2      | 1454 ||| DROPPING +0 flail.
  1494 | D:2      | Reached skill level 4 in Axes
  1616 | D:2      | Found a hazy altar of Hepliaklqana.
  1641 | D:2      | 1641 ||| UPGRADING to +0 chain mail.
  1651 | D:2      | 1651 ||| DROPPING +0 scale mail.
  1652 | D:2      | 1652 ||| READING scroll labelled QIMAOC EKHEAST.
  1653 | D:2      | 1653 ||| DRINKING 2 glowing sapphire potions.
  1754 | D:2      | 1754 ||| READING 4 scrolls of identify.
  1754 | D:2      | 1754 ||| IDENTIFYING grey potion
  1755 | D:2      | 1755 ||| READING 3 scrolls of identify.
  1755 | D:2      | 1755 ||| IDENTIFYING smoky black potion
  1756 | D:2      | 1756 ||| READING 2 scrolls of identify.
  1756 | D:2      | 1756 ||| IDENTIFYING white potion
  1757 | D:2      | 1757 ||| DROPPING potion of flight.
  1758 | D:2      | 1758 ||| DROPPING potion of ambrosia.
  1788 | D:3      | 1788 ||| Stepping ~*~*~tactically~*~*~ (stealth).
  1892 | D:3      | 1892 ||| READING scroll of enchant weapon.
  1892 | D:3      | 1892 ||| ENCHANTING +1 war axe of electrocution.
  1979 | D:3      | 1979 ||| READING scroll of enchant weapon.
  1979 | D:3      | 1979 ||| ENCHANTING +2 war axe of electrocution.
  2223 | D:3      | 2223 ||| Stepping ~*~*~tactically~*~*~ (stealth).
  2224 | D:3      | 2224 ||| Stepping ~*~*~tactically~*~*~ (stealth).
  2229 | D:3      | Reached XP level 5. HP: 32/32 MP: 5/5
  2361 | D:3      | 2361 ||| Stepping ~*~*~tactically~*~*~ (hiding).
  2565 | D:3      | 2565 ||| Stepping ~*~*~tactically~*~*~ (stealth).
  2661 | D:3      | 2661 ||| UPGRADING to ring of protection from cold.
  2662 | D:3      | 2662 ||| DRINKING 2 yellow potions.
  2691 | D:4      | Reached skill level 5 in Axes
  2742 | D:4      | Identified the +12 dagger "Ceqocs" {freeze, rElec rC+}
  2810 | D:4      | 2810 ||| Stepping ~*~*~tactically~*~*~ (stealth).
  2812 | D:4      | 2812 ||| Stepping ~*~*~tactically~*~*~ (stealth).
  2818 | D:4      | HP: 7/32 [gnoll/+1 flail of protection (5)]
  2819 | D:4      | 2819 ||| READING scroll of teleportation.
  2819 | D:4      | HP: 3/32 [gnoll/+0 club (4)]
  2820 | D:4      | 2820 ||| DRINKING 2 potions of heal wounds.
  2969 | D:4      | Reached XP level 6. HP: 34/38 MP: 6/6
  3035 | D:4      | 3035 ||| Stepping ~*~*~tactically~*~*~ (stealth).
  3036 | D:4      | 3036 ||| Stepping ~*~*~tactically~*~*~ (stealth).
  3078 | D:4      | 3078 ||| Stepping ~*~*~tactically~*~*~ (stealth).
  3304 | D:4      | Noticed Duvessa
  3304 | D:4      | Noticed Dowan
  3311 | D:4      | Killed Duvessa
  3319 | D:4      | HP: 3/38 [Dowan/shard of ice (18)]
  3320 | D:4      | 3320 ||| DRINKING 4 potions of heal wounds.
  3330 | D:4      | HP: 9/38 [Dowan/+0 dagger (4)]
  3331 | D:4      | 3331 ||| DRINKING 3 potions of heal wounds.
  3334 | D:4      | Killed Dowan
  3335 | D:4      | Reached skill level 6 in Axes
  3588 | D:4      | 3588 ||| UPGRADING to +0 pair of gloves.
  3593 | D:4      | 3593 ||| UPGRADING to +6 ring of strength.
  3594 | D:4      | 3594 ||| READING scroll labelled POITHO SAMY.
  3594 | D:4      | Identified a scroll of acquirement
  3594 | D:4      | 3594 ||| ACQUIRING 1184 gold pieces
  3594 | D:4      | Acquired 1184 gold pieces
  3596 | D:4      | 3596 ||| DRINKING 3 murky blue potions.
  3597 | D:4      | 3597 ||| DRINKING 2 amethyst potions.
  3598 | D:4      | 3598 ||| READING 2 scrolls of identify.
  3598 | D:4      | 3598 ||| IDENTIFYING murky yellow potion
  3599 | D:4      | 3599 ||| DROPPING 2 potions of degeneration.
  3617 | D:5      | Entered Level 5 of the Dungeon
  3617 | D:5      | Noticed a water moccasin
  3618 | D:5      | 3618 ||| Stepping ~*~*~tactically~*~*~ (hiding).
  3623 | D:5      | Noticed a yak
  3625 | D:5      | Killed from afar by an orc priest

Levels and vault maps discovered:
D:1:      onia_arrival_pyramid, layout_basic,
          shapermc_ecumenical_altar_mp_highgroup, minmay_hexomino_p4
D:2:      layout_rooms, basic_altar, hangedman_abyss_or_decor_stabs
D:3:      layout_loops_cross, solitary_fountain, minmay_lizard_king
D:4:      layout_basic, uniq_duvessa
D:5:      layout_layer_cave, mainiacjoe_overflow_paths, temple_hall,
          st_stairs_2, hangedman_decor_lopped, kennysheep_crisscross,
          uniq_eustachio

Skill      XL: |  1  2  3  4  5  6 |
---------------+-------------------+-----
Axes           | 2 3 4 5 6 |  6.2
Fighting       | 4 |  4.1
Armour         | |  3.2
Shields        | |  3.2

Action                   |  1- 3 |  4- 6 || total
-------------------------+-------+-------++-------
Melee: War axe           |    83 |   161 ||   244
Throw: Boomerang         |       |     2 ||     2
  Use: Scroll            |     8 |     9 ||    17
       Potion            |     1 |     7 ||     8
Armor: Scale mail        |    34 |     8 ||    42
       Chain mail        |       |    85 ||    85
Dodge: Dodged            |    38 |    45 ||    83
Block: Buckler           |    12 |    36 ||    48

Table legend:
 A = Non-vault XP
 B = Vault XP
 C = Vault XP percentage of total XP
 D = Non-vault monster count
 E = Vault monster count
 F = Vault count percentage of total count
                 A         B        C        D         E       F
            +---------+---------+-------+---------+---------+-------
      Total |     369 |     223 |  37.7 |      68 |      13 |  16.0
            +---------+---------+-------+---------+---------+-------
        D:1 |      23 |       7 |  23.3 |      16 |       4 |  20.0
        D:2 |      70 |       0 |   0.0 |      14 |       0 |   0.0
        D:3 |      94 |       7 |   6.9 |      23 |       7 |  23.3
        D:4 |     146 |     209 |  58.9 |      14 |       2 |  12.5
        D:5 |      36 |       0 |   0.0 |       1 |       0 |   0.0
            +---------+---------+-------+---------+---------+-------
